 Dungeon Crawl Stone Soup version 0.21.1-1-g345015f (webtiles) character file.

469 kae the Slasher (level 6, -5/56 HPs)
             Began as a Minotaur Fighter on June 19, 2018.
             Was an Initiate of Makhleb.
             Slain by Pikel
             ... wielding a +1 whip of electrocution
              (18 damage)
             ... on level 4 of the Dungeon.
             The game lasted 00:02:57 (3230 turns).

kae the Slasher (Minotaur Fighter)                  Turns: 3230, Time: 00:02:57

Health: -5/56      AC:  8    Str: 21    XL:     6   Next: 82%
Magic:  6/6        EV:  8    Int:  6    God:    Makhleb [......]
Gold:   101        SH:  9    Dex: 10    Spells: 5/5 levels left

rFire    . . .     SeeInvis .   a - +0 long sword
rCold    . . .     Gourm    .   c - +0 shield
rNeg     . . .     Faith    .   b - +0 scale mail
rPois    .         Spirit   .   (helmet restricted)
rElec    .         Reflect  .   (no cloak)
rCorr    .         Harm     .   i - +0 pair of gloves
MR       .....                  (no boots)
Stlth    ..........             (no amulet)
HPRegen  0.18/turn              (no ring)
MPRegen  0.10/turn              (no ring)

@: no status effects
A: retaliatory headbutt, horns 2
a: Renounce Religion


You were on level 4 of the Dungeon.
You worshipped Makhleb.
Makhleb was noncommittal.
You were not hungry.

You visited 1 branch of the dungeon, and saw 4 of its levels.

You collected 101 gold pieces.

Inventory:

Hand Weapons
 a - a +0 long sword (weapon)
Armour
 b - a +0 scale mail (worn)
 c - a +0 shield (worn)
 i - a +0 pair of gloves (worn)
Jewellery
 o - an uncursed amulet of guardian spirit {unknown}
Wands
 s - a wand of flame (30)
Scrolls
 e - a scroll of identify {unknown}
 j - 2 scrolls of teleportation
 l - 2 scrolls of fear {unknown}
 m - a scroll of enchant weapon {unknown}
 n - 3 scrolls of remove curse
 p - a scroll of noise {unknown}
Potions
 d - a potion of might
 g - a potion of ambrosia {unknown}
 h - a potion of agility {unknown}
 k - 4 potions of flight {unknown}
 q - a potion of brilliance {unknown}
 r - a potion of degeneration {unknown}
Comestibles
 f - 7 rations


   Skills:
 + Level 5.0 Fighting
 * Level 5.6 Long Blades
 + Level 5.1 Armour
 + Level 3.0 Dodging
 - Level 3.6 Shields
 + Level 2.0 Invocations


You had 5 spell levels left.
You didn't know any spells.

Dungeon Overview and Level Annotations

Branches:
Dungeon (4/15)             Temple (0/1) D:4

Altars:
Makhleb
Xom

Annotations:
D:4 Pikel


Innate Abilities, Weirdness & Mutations

You reflexively headbutt those who attack you in melee.
You have a pair of horns on your head.


Message History

The slave is severely wounded.
The slave hits you. Pikel barely misses you. You furiously retaliate!
You headbutt Pikel! The slave hits you.
You miss the slave.
The slave is severely wounded.
The slave barely misses you. You block Pikel's attack.
You block the slave's attack.
Your shield prevents you from hitting the slave.
The slave is severely wounded.
The slave hits you.
Pikel hits you with a whip of electrocution.
You block the slave's attack.
You barely miss the slave.
You headbutt the slave, but do no damage.
The slave is severely wounded.
The slave hits you. You block Pikel's attack. The slave hits you.
* * * LOW HITPOINT WARNING * * *
You block the slave's attack. Pikel hits you but does no damage.
You are electrocuted!
You die...

....... ....... .K.
......## ..p . .......#
p. .# .......# .. ..
.....>.#### ####. .#
.......<..# ##.... ..##.
..........###..[##......
...............p@K......
.................p......
.................#..###.
.................#.##
...................#
##....#............#
...####....(.......♣
#### #..........P..P #
##............≈


You could see Pikel and 2 slaves.

Vanquished Creatures
  Grinder (D:4)
  2 slaves (D:4)
  A phantom (D:4)
  A hound (D:4)
  An orc priest (D:4)
  An orc wizard (D:4)
  2 adders
  2 oozes (D:2)
  3 worms
  3 leopard geckos
  6 orcs
  A ball python (D:2)
  4 giant cockroaches
  3 goblins (D:3)
  4 hobgoblins
  4 jackals (D:2)
  6 kobolds
  3 quokkas
  6 bats
  13 frilled lizards
  9 rats
76 creatures vanquished.

Notes
Turn   | Place    | Note
-------+----------+-------------------------------------------
     0 | D:1      | kae the Minotaur Fighter began the quest for the Orb.
     0 | D:1      | Reached XP level 1. HP: 19/19 MP: 0/0
   235 | D:1      | Reached XP level 2. HP: 27/27 MP: 1/1
   308 | D:1      | Found a shimmering altar of Xom.
   863 | D:2      | Reached skill level 1 in Dodging
   880 | D:2      | Reached XP level 3. HP: 28/33 MP: 2/2
  1076 | D:2      | You fall through a shaft for 2 floors!
  1076 | D:4      | Noticed a slave
  1076 | D:4      | Noticed a slave
  1076 | D:4      | Noticed a slave
  1076 | D:4      | Noticed a slave
  1076 | D:4      | Noticed an ogre
  1078 | D:4      | Noticed Pikel
  1571 | D:3      | Reached XP level 4. HP: 40/40 MP: 3/3
  1723 | D:3      | Found a burning altar of Makhleb.
  1991 | D:3      | Became a worshipper of Makhleb the Destroyer
  2555 | D:4      | Found a staircase to the Ecumenical Temple.
  2555 | D:4      | Noticed a phantom
  2809 | D:4      | Noticed Grinder
  2820 | D:4      | Killed Grinder
  2820 | D:4      | Reached skill level 5 in Long Blades
  2820 | D:4      | Reached skill level 1 in Invocations
  2820 | D:4      | Reached XP level 5. HP: 20/47 MP: 3/5
  2820 | D:4      | Reached XP level 6. HP: 22/53 MP: 3/6
  2849 | D:4      | Reached skill level 5 in Armour
  2947 | D:4      | Reached skill level 5 in Fighting
  3215 | D:4      | Killed a slave
  3219 | D:4      | Killed a slave
  3230 | D:4      | Slain by Pikel

Skill      XL: |  1  2  3  4  5  6 |
---------------+-------------------+-----
Long Blades    | 3 5 |  5.6
Dodging        | 1 2 3 |  3.0
Fighting       | 4 5 |  5.0
Armour         | 4 5 |  5.1
Invocations    | 1 2 |  2.0
Shields        | |  3.6

Action                   |  1- 3 |  4- 6 || total
-------------------------+-------+-------++-------
Melee: Long sword        |   128 |    88 ||   216
       Headbutt          |    12 |    13 ||    25
  Use: Scroll            |     3 |     1 ||     4
       Potion            |       |     1 ||     1
  Eat: Chunk             |     2 |     2 ||     4
       Ration            |       |     1 ||     1
Armor: Scale mail        |    57 |    35 ||    92
Dodge: Dodged            |    44 |    23 ||    67
Block: Shield            |    55 |    49 ||   104
       Rpst.: Long sword |     9 |     5 ||    14
